 Dungeon Crawl Stone Soup version 0.30.1-3-gfc49f6343a (webtiles) character file.

Game seed: 7431964995433109610

21 Peloso the Shield-Bearer (level 2, 24/27 HPs)
             Began as a Minotaur Fighter on July 21, 2023.
             Got out of the dungeon alive.
             The game lasted 00:00:58 (392 turns).

Peloso the Shield-Bearer (Minotaur Fighter)          Turns: 392, Time: 00:00:58

Health: 24/27      AC:  7    Str: 20    XL:     2   Next: 62%
Magic:  1/1        EV:  9    Int:  5    God:
Gold:   13         SH:  4    Dex:  9    Spells: 1/1 levels left

rFire   . . .        a - +0 long sword
rCold   . . .        c - +0 buckler
rNeg    . . .        b - +0 scale mail
rPois   .            (helmet restricted)
rElec   .            (no cloak)
rCorr   .            (no gloves)
SInv    .            (no boots)
Will    .....        (no amulet) Stlth
                     (no ring)
HPRegen 0.24/turn    (no ring)
MPRegen 0.07/turn

%: random rage (3%)
@: no status effects
A: horns 2, retaliatory headbutt, berserk 1
a: no special abilities


You escaped.
You visited 1 branch of the dungeon, and saw 1 of its levels.

You collected 13 gold pieces.

Inventory:

Hand Weapons
 a - a +0 long sword (weapon)
Armour
 b - a +0 scale mail (worn)
 c - a +0 buckler (worn)
Scrolls
 e - 2 scrolls of noise {unknown}
 f - a scroll of teleportation {unknown}
 g - a scroll of identify {unknown}
Potions
 d - a potion of might
 i - a potion of curing {unknown}


   Skills:
 + Level 4.0 Fighting
 + Level 2.6 Long Blades
 + Level 3.9 Armour
 + Level 4.1 Shields


You had one spell level left.
You didn't know any spells.
Your spell library was empty.

Dungeon Overview and Level Annotations

Branches:
Dungeon (1/15)

Altars:


Innate Abilities, Weirdness & Mutations

You have a pair of horns on your head.
You reflexively headbutt those who attack you in melee.
You sometimes lose your temper in combat.


Message History

The giant cockroach closely misses you. The giant cockroach barely misses you.
The giant cockroach bites you.
You barely miss the giant cockroach. The giant cockroach barely misses you.
The giant cockroach bites you but does no damage.
The giant cockroach barely misses you. You furiously retaliate!
You headbutt the giant cockroach.
You kill the giant cockroach!
You block the giant cockroach's attack.
You see here a giant cockroach corpse.
The giant cockroach closely misses you. The giant cockroach barely misses you.
You furiously retaliate!
You headbutt the giant cockroach!
You kill the giant cockroach!
It was a potion of mutation.
You feel extremely strange.
You occasionally lose the ability to read scrolls when taking damage.
You feel a little pissed off.
You no longer become unable to read scrolls after taking damage.
(D) Dungeon
Where to? (? - help)
What level of the Dungeon? (default 1, ? - help)
You see here a giant cockroach corpse.
HP restored.
You see here a +0 robe.
You see here a giant cockroach corpse.
An endoplasm comes into view.
The endoplasm quivers.
The endoplasm freezes you.
You are frozen.
You hit the endoplasm but do no damage. The endoplasm hits you.
You hit the endoplasm.
The endoplasm is lightly wounded.
The endoplasm freezes you.
You are frozen.
You hit the endoplasm.
You kill the endoplasm!
(D) Dungeon
Where to? (Enter - D:1 @ (x,y), ? - help)
Found a scroll labelled HOCUOX FUFFERPHERO.
There is a staircase leading out of the dungeon here.
Are you sure you want to leave the Dungeon?
This will make you lose the game!
You have escaped!

.###.#
#########..........#
#..# .# #.#
#............#######
#..# .# #.#
#.########.### #..# .#
#.####.# #.## #..# ##
#......# ##.# #...
#####..#######.## ##.#
##..#.#.###.# #.#
###.#.#.#.##
#########.#
######@######.........#
#.#.#.#.#.#########
#.###.#.#..# ##
########


There were no monsters in sight!

Vanquished Creatures
  A ball python (D:1)
  4 endoplasms (D:1)
  4 giant cockroaches (D:1)
  A goblin (D:1)
  2 hobgoblins (D:1)
  4 kobolds (D:1)
16 creatures vanquished.

Notes
Turn   | Place    | Note
-------+----------+-------------------------------------------
     0 | D:1      | Peloso the Minotaur Fighter began the quest for the Orb.
     0 | D:1      | Reached XP level 1. HP: 19/19 MP: 0/0
   107 | D:1      | Reached XP level 2. HP: 27/27 MP: 1/1
   311 | D:1      | Gained mutation: You occasionally lose the ability to read
                  | scrolls when taking damage. [potion of mutation]
   311 | D:1      | Gained mutation: You sometimes lose your temper in combat.
                  | [potion of mutation]
   311 | D:1      | Lost mutation: You occasionally lose the ability to read
                  | scrolls when taking damage. [potion of mutation]
   392 | D:$      | Got out of the dungeon alive.

Illustrated notes

Levels and vault maps discovered:
D:1:      reono_arrival_mine, layout_loops_ring, minivault_25

Skill      XL: |  1  2 |
---------------+-------+-----
Fighting       | 4 |  4.0
Shields        | 4 |  4.1
Long Blades    | |  2.6
Armour         | |  3.9

Action                     || total
---------------------------++-------
  Melee: Long sword        ||    42
         Headbutt          ||     1
    Use: Potion            ||     1
 Armour: Scale mail        ||    20
  Dodge: Dodged            ||    21
  Block: Buckler           ||    10
